 Dungeon Crawl Stone Soup version 0.29-a0-866-g0545e20025 (webtiles) character file.

Game seed: 18043940128756432179

142404 27snakeeyes612 the Basher (level 16, -14/250 HPs)
             Began as a Troll Berserker on July 17, 2022.
             Was a High Priest of Trog.
             Demolished by Rupert
             ... wielding a +5 battleaxe of flaming
              (17 damage)
             ... on level 4 of the Lair of Beasts.
             The game lasted 00:37:46 (25566 turns).

27snakeeyes612 the Basher (Troll Berserker)        Turns: 25566, Time: 00:37:47

Health: -14/250    AC:  8    Str: 41    XL:     16   Next: 80%
Magic:  15/15      EV: 13    Int:  3    God:    Trog [*****.]
Gold:   833        SH:  0    Dex:  9    Spells: 15/15 levels left

rFire   . . .      SeeInvis +   b - +3 great mace (drain)
rCold   . . .      Faith    .   (shield currently unavailable)
rNeg    . . .      Spirit   .   h - +1 robe of Vines {NoPotionHeal Regen++++}
rPois   +          Reflect  .   Q - +0 mask of the Dragon {Will+ Slay+3 SInv}
rElec   .          Harm     .   x - +2 cloak {rPois}
rCorr   .          Rampage  .   (gloves unavailable)
Will    +++..                   (boots unavailable)
Stlth   ..........              i - amulet of regeneration
HPRegen 5.31/turn               T - +6 ring of strength
MPRegen 0.14/turn               y - ring of willpower

@: berserking, lethally poisoned (-14 -> -14), very quick
A: large, unfitting armour, claws 3, regeneration 1, shaggy fur 1, tough skin 1
a: Renounce Religion, Berserk, Trog's Hand, Brothers in Arms


You were on level 4 of the Lair of Beasts.
You worshipped Trog.
Trog was extremely pleased with you.
You visited 4 branches of the dungeon, and saw 24 of its levels.
You also visited: Bailey and Volcano.

You collected 2993 gold pieces.
You spent 2160 gold pieces at shops.

Inventory:

Hand Weapons
 b - a +3 great mace of draining (weapon)
 q - a +3 flail of freezing
 r - a +3 whip
 I - a +4 morningstar of draining
 U - a +3 dire flail of flaming
 W - a +2 vorpal great mace
Missiles
 D - 3 throwing nets
 E - 32 poisoned darts
 F - 11 curare-tipped darts
 L - 23 large rocks (quivered)
 P - 6 javelins
Armour
 h - the +1 robe of Vines (worn) {NoPotionHeal Regen++++}
   (You bought it in a shop on level 2 of the Dungeon)

   Its wearer cannot be healed by potions.
   Regen:     It increases your rate of health regeneration.
 x - a +2 cloak of poison resistance (worn)
 N - a +0 troll leather armour
 Q - the +0 mask of the Dragon (worn) {Will+ Slay+3 SInv}
   (You found it on level 2 of the Orcish Mines)

   Slay:      It affects your accuracy & damage with ranged weapons and melee
   (+3).
   SInv:      It lets you see invisible.
   Will:      It increases your willpower.
Jewellery
 e - a ring of willpower
 i - an amulet of regeneration (around neck)
 l - an amulet of guardian spirit
 m - an amulet of magic regeneration
 o - a ring of flight
 y - a ring of willpower (right claw)
 z - a ring of fire
 H - a ring of fire
 J - a +4 ring of protection
 T - a +6 ring of strength (left claw)
Wands
 g - a wand of charming (18)
 t - a wand of flame (13)
 O - a wand of mindburst (7)
 R - a wand of roots (13)
 S - a wand of polymorph (10)
Scrolls
 f - 2 scrolls of immolation
 u - a scroll of blinking
 v - 5 scrolls of enchant armour
 B - 2 scrolls of summoning
 K - a scroll of silence
 M - 5 scrolls of fog
 V - a scroll of magic mapping
 X - a scroll of poison
 Y - a scroll of identify
Potions
 a - 2 potions of attraction
 c - 4 potions of mutation
 d - 4 potions of lignification
 j - 13 potions of curing
 k - 7 potions of might
 n - 8 potions of invisibility
 p - 8 potions of heal wounds
 s - 7 potions of haste
 w - 3 potions of ambrosia
 A - 3 potions of resistance
 C - a potion of magic
 G - a potion of cancellation


   Skills:
 + Level 12.9 Fighting
 + Level 14.0 Maces & Flails
 + Level 13.7 Throwing
 + Level 13.0 Dodging


You had 15 spell levels left.
You didn't know any spells.
Your spell library was empty.

Dungeon Overview and Level Annotations

Branches:
Dungeon (15/15)            Temple (0/1) D:7            Lair (6/6) D:10
  Swamp (0/4) Lair:2        Snake (1/4) Lair:4        Slime (0/5) Lair:5
    Orc (2/2) D:11            Elf (0/3) Orc:2        Vaults (0/5) D:13
 Depths (0/4) D:15         Bailey (visited)         Volcano (visited)

Altars:
Dithmenos
Gozag
Hepliaklqana
Kikubaaqudgha
Makhleb
Nemelex Xobeh
Qazlal
Ru
Trog
Wu Jian
The Shining One

Shops:
D:2 [   D:6 [[[(*   D:11 (   D:13 *   D:15 *   Orc:2 !??!

Portals:
Trove: D:10 (give +3 shadow dragon scales)

Annotations:
D:3 3 runed translucent doors, Smoky173's ghost, amateur HOMo
D:12 2 transporters, Smoky173's ghost, journeyman HOFi
Lair:4 Rupert


Innate Abilities, Weirdness & Mutations

You are too large for most types of armour.
You have claws for hands.
Your natural rate of healing is unusually fast.
You are covered in fur. (AC +1)
You have tough skin. (AC +1)


Message History

You feel yourself moving faster!
You feel mighty!
You feel sick. The black mamba bites you.
Rupert hits you with a +5 battleaxe of flaming!!
Rupert burns you! The black mamba bites you!
You barely miss Rupert. Rupert closely misses you. The black mamba bites you!
You bludgeon Rupert!! You drain Rupert.
Rupert is moderately wounded.
You feel sick. The black mamba bites you!
Rupert hits you with a +5 battleaxe of flaming!!
Rupert burns you.
* * * LOW HITPOINT WARNING * * *
You hit Rupert. You drain Rupert.
Rupert is moderately wounded.
The black mamba barely misses you.
Rupert hits you with a +5 battleaxe of flaming!!
* * * LOW HITPOINT WARNING * * *
Rupert burns you.
* * * LOW HITPOINT WARNING * * *
You hammer Rupert like a gong!!!
Rupert is heavily wounded.
You feel sick.
You are no longer poisoned.
The black mamba barely misses you.
Rupert hits you with a +5 battleaxe of flaming!!
* * * LOW HITPOINT WARNING * * *
Rupert burns you!
* * * LOW HITPOINT WARNING * * *
The black mamba bites you!
* * * LOW HITPOINT WARNING * * *
You are poisoned.
The black mamba poisons you!
You sock Rupert!
Rupert is severely wounded.
You feel very sick. Rupert closely misses you.
The black mamba closely misses you.
You barely miss Rupert.
Rupert is severely wounded.
You feel very sick.
Rupert hits you with a +5 battleaxe of flaming!
You die...

...#..##.....##..##
..##..........#...#
.............#....#
..#..............##
..............#..#
........#.#.##...#
###PP.P...#.##P..#
##...............#
...............@@##
.................S#
..................#
##................#
#.....##.#.#.#P...#
##....####...#...##
##...##......##..#
#....##..........#
.#...##..........#


You could see Rupert (berserk, drained) and a black mamba.

Vanquished Creatures
  Kirke (Lair:5)
  A frost giant (D:15)
  A red draconian (Volcano)
  Snorg (Lair:5)
  A fire dragon (Lair:6)
  An ettin (Orc:1)
  4 vault guards (D:13)
  2 boulder beetles (D:13)
  3 centaur warriors
  11 hydras
  3 ogre magi
  18 two-headed ogres
  Erica (D:9)
  14 death yaks
  4 tengu warriors
  An orc high priest (Orc:2)
  Sonja (Lair:1)
  4 skeletal warriors (D:14)
  2 deep trolls (Orc:2)
  2 wizards (D:13)
  A lindwurm (Lair:6)
  A deep elf archer (D:13)
  5 deep elf pyromancers
  3 orc knights
  A mana viper (Snake:1)
  12 ugly things
  6 cyclopes
  A deep elf zephyrmancer (Orc:2)
  5 manticores
  12 elephants
  3 black mambas
  6 torpor snails
  11 cane toads
  A kobold demonologist (D:9)
  2 gargoyles (D:13)
  3 rime drakes (Lair:2)
  10 komodo dragons
  2 tengu conjurers (D:14)
  10 trolls
  3 tyrant leeches (Lair:6)
  4 polar bears
  7 hornets (Lair:6)
  18 blink frogs
  3 slime creatures (D:15)
  Grinder (D:3)
  A blink frog (shapeshifter) (D:14)
  Sigmund (D:2)
  6 dream sheep (Lair:5)
  2 shadows (D:11)
  57 yaks
  A vampire (D:13)
  3 wyverns
  4 wraiths
  A hog (Lair:5)
  4 basilisks
  A steam dragon (D:8)
  3 vampire mosquitoes (D:12)
  A naga (Snake:1)
  Menkaure (D:4)
  3 acid dragons
  13 water moccasins
  Duvessa (D:4)
  An ice beast (D:6)
  18 orc warriors
  A sky beast (D:8)
  A black bear (D:5)
  21 ogres
  18 wolves
  2 centaurs
  Blork the orc (D:4)
  4 kobold brigands
  A phantom (D:6)
  9 bullfrogs
  A necrophage (D:6)
  3 gnoll sergeants
  4 scorpions
  Dowan (D:4)
  A wight (D:7)
  7 howler monkeys
  A crimson imp (Orc:2)
  A jelly (shapeshifter) (D:15)
  4 hounds
  Crazy Yiuf (D:5)
  A gnoll bouda (D:6)
  15 jellies
  18 orc priests
  13 iguanas
  An iron imp (Orc:2)
  Terence (D:3)
  Jessica (D:1)
  Ijyb (D:3)
  Natasha (thrice) (D:3)
  13 orc wizards
  A mummy (D:5)
  Robin (D:4)
  6 adders
  24 gnolls
  A shadow imp (Orc:2)
  5 white imps
  2 dart slugs (D:1)
  57 orcs
  5 endoplasms
  4 giant cockroaches
  31 goblins
  12 hobgoblins
  4 quokkas
  8 ball pythons
  5 bats
  6 frilled lizards
  2 hobgoblin zombies (D:5)
  30 kobolds
  2 orc zombies (D:5)
  5 rats
689 creatures vanquished.

Vanquished Creatures (collateral kills)
  An orc knight (Bailey)
  A tyrant leech (Lair:6)
  2 orc warriors (Bailey)
  A gnoll (Bailey)
  2 orcs (Bailey)
  2 goblins (Bailey)
9 creatures vanquished.

Vanquished Creatures (others)
  3 humans (Lair:5)
  A swamp drake (Orc:2)
  9 orcs (Orc:2)
  41 fungi
  89 plants
  5 withered plants (D:4)
148 creatures vanquished.

Grand Total: 846 creatures vanquished

Notes
Turn   | Place    | Note
-------+----------+-------------------------------------------
     0 | D:1      | 27snakeeyes612 the Troll Berserker began the quest for the
                  | Orb.
     0 | D:1      | Reached XP level 1. HP: 22/22 MP: 0/0
   143 | D:1      | Reached XP level 2. HP: 29/29 MP: 1/1
   159 | D:1      | Found a faded altar of an unknown god.
   283 | D:1      | Reached skill level 3 in Maces & Flails
   712 | D:2      | Noticed Jessica
   727 | D:1      | Reached XP level 3. HP: 32/36 MP: 2/2
   772 | D:2      | Noticed Sigmund
   780 | D:1      | Killed Jessica
   781 | D:1      | Reached skill level 1 in Throwing
   899 | D:2      | Killed Sigmund
   900 | D:2      | Reached XP level 4. HP: 37/45 MP: 3/3
   900 | D:2      | Reached XP level 5. HP: 44/53 MP: 4/4
   924 | D:2      | Reached ** piety under Trog
  1060 | D:2      | Found Gyacio's Vocational Training.
  1119 | D:2      | Found Gaaviwk's Antique Armour Shop.
  1528 | D:3      | Noticed Terence
  1535 | D:3      | Killed Terence
  1536 | D:3      | Reached XP level 6. HP: 61/61 MP: 5/5
  1552 | D:3      | Reached skill level 4 in Maces & Flails
  1583 | D:3      | Noticed Grinder
  1596 | D:3      | Paralysed by Grinder for 3 turns
  1607 | D:3      | Killed Grinder
  1655 | D:3      | Noticed Natasha
  1666 | D:3      | Killed Natasha
  1667 | D:3      | Reached XP level 7. HP: 47/68 MP: 2/6
  1748 | D:3      | Noticed Natasha
  1751 | D:3      | Found a runed translucent gate.
  1751 | D:3      | Found a runed translucent gate.
  1751 | D:3      | Found a runed translucent gate.
  1754 | D:3      | Killed Natasha
  1759 | D:3      | Noticed Natasha
  1766 | D:3      | Killed Natasha
  1779 | D:3      | Noticed Smoky173's ghost (amateur HOMo)
  1853 | D:3      | Found a stormy altar of Qazlal.
  1883 | D:3      | Noticed Ijyb
  1893 | D:3      | Killed Ijyb
  2177 | D:4      | Found a hazy altar of Hepliaklqana.
  2288 | D:4      | Reached *** piety under Trog
  2509 | D:4      | Identified the +2 helmet of Qoffuck {*Slow rCorr Int+4}
  2509 | D:4      | Noticed Robin
  2516 | D:4      | Noticed Blork the orc
  2517 | D:4      | Killed Robin
  2541 | D:5      | Entered Level 5 of the Dungeon
  2617 | D:4      | Killed Blork the orc
  2618 | D:4      | Reached skill level 5 in Maces & Flails
  2650 | D:4      | Noticed Duvessa
  2652 | D:4      | Noticed Dowan
  2671 | D:4      | Killed Duvessa
  2672 | D:4      | Reached XP level 8. HP: 71/79 MP: 4/7
  2681 | D:4      | Killed Dowan
  2735 | D:4      | Noticed Menkaure
  2743 | D:4      | Killed Menkaure
  2819 | D:4      | Found a glowing golden altar of the Shining One.
  2863 | D:4      | Found a burning altar of Makhleb.
  2863 | D:4      | Noticed an Executioner
  2867 | D:4      | Noticed a hellwing
  2920 | D:4      | Found an ancient bone altar of Kikubaaqudgha.
  3050 | D:5      | Reached skill level 5 in Dodging
  3056 | D:5      | Reached skill level 5 in Fighting
  3461 | D:5      | Reached skill level 5 in Throwing
  3575 | D:5      | Reached skill level 6 in Maces & Flails
  3577 | D:5      | Reached XP level 9. HP: 88/88 MP: 8/8
  3580 | D:5      | Reached **** piety under Trog
  3592 | D:5      | Found a runed translucent door.
  3593 | D:5      | Noticed Crazy Yiuf
  3620 | D:5      | Found a bloodstained altar of Trog.
  3714 | D:5      | Killed Crazy Yiuf
  3923 | D:6      | Found Keucerhaene's Armour Emporium.
  4058 | D:6      | Found Baroeq's Assorted Antiques.
  4175 | D:6      | Found Vagu's Weapon Shoppe.
  4183 | D:6      | Found an opulent altar of Gozag.
  4375 | D:6      | Found Yfomuwku's Armour Shop.
  4439 | D:6      | Found Qatod's Armour Emporium.
  4778 | D:7      | Found an ornate altar of the Wu Jian Council.
  4806 | D:7      | Found a shadowy altar of Dithmenos.
  4821 | D:7      | Found a flagged portal.
  4830 | Bailey   | Entered a bailey
  4972 | Bailey   | Noticed an orc knight
  4972 | Bailey   | Noticed an orc knight
  4985 | Bailey   | Killed an orc knight
  4986 | Bailey   | Reached skill level 7 in Maces & Flails
  5002 | Bailey   | Killed an orc knight
  5003 | Bailey   | Reached XP level 10. HP: 26/100 MP: 2/9
  5004 | Bailey   | HP: 1/150 [orc warrior/+0 war axe (26)]
  5349 | Bailey   | Noticed an orc warlord
  5350 | Bailey   | Noticed an orc knight
  6419 | D:7      | Found a staircase to the Ecumenical Temple.
  6676 | D:8      | Found a sacrificial altar of Ru.
  7615 | D:8      | Identified a scroll of acquirement
  7617 | D:8      | Acquired 829 gold pieces
  7725 | D:9      | Reached skill level 8 in Maces & Flails
  7729 | D:9      | Found a sparkling altar of Nemelex Xobeh.
  7875 | D:9      | Noticed Erica
  7900 | D:9      | Killed Erica
  8106 | D:9      | Noticed a rust devil
  8168 | D:9      | Reached XP level 11. HP: 101/109 MP: 6/10
  8262 | D:10     | Entered Level 10 of the Dungeon
  8270 | D:10     | Found a staircase to the Lair.
  8531 | D:10     | Reached ***** piety under Trog
  8902 | D:10     | Found a portal to a secret trove of treasure.
  9383 | D:11     | Found a staircase to the Orcish Mines.
  9388 | D:11     | Found Engyeriv's Weapon Boutique.
 10176 | D:11     | Noticed a two-headed ogre
 10179 | D:11     | Killed a two-headed ogre
 10429 | D:12     | Noticed a five-headed hydra
 10435 | D:12     | Reached skill level 9 in Maces & Flails
 10441 | D:12     | Killed a five-headed hydra
 10516 | D:12     | Noticed a brown ugly thing
 10518 | D:12     | Noticed a tengu reaver
 10518 | D:12     | Noticed Smoky173's ghost (journeyman HOFi)
 10518 | D:12     | Noticed a skeletal warrior
 10520 | D:12     | Noticed a two-headed ogre
 10595 | D:12     | Noticed a two-headed ogre
 10599 | D:12     | Killed a two-headed ogre
 10842 | D:12     | Noticed a cyan ugly thing
 10848 | D:12     | Killed a cyan ugly thing
 10887 | D:12     | Found a transporter.
 10889 | D:12     | Found a transporter.
 11265 | Lair:1   | Entered Level 1 of the Lair of Beasts
 11821 | Lair:1   | Reached XP level 12. HP: 108/122 MP: 11/11
 12150 | Lair:1   | Noticed Sonja
 12183 | Lair:1   | Killed Sonja
 12528 | Lair:2   | Noticed a seven-headed hydra
 12873 | Lair:2   | Reached skill level 10 in Maces & Flails
 13060 | Lair:2   | Found a staircase to the Swamp.
 13081 | Lair:2   | Killed a seven-headed hydra
 13943 | Lair:3   | Noticed a death yak
 13943 | Lair:3   | Noticed a death yak
 13964 | Lair:3   | Killed a death yak
 13973 | Lair:3   | Killed a death yak
 14004 | Lair:3   | Reached skill level 10 in Throwing
 14211 | Lair:3   | Noticed an eight-headed hydra
 14216 | Lair:3   | Killed an eight-headed hydra
 14378 | Lair:3   | Noticed a six-headed hydra
 14386 | Lair:3   | Killed a six-headed hydra
 14646 | Lair:3   | You fall into a shaft and drop 1 floor!
 14647 | Lair:4   | Noticed a death yak
 14648 | Lair:4   | Noticed a death yak
 14648 | Lair:4   | Noticed a death yak
 14650 | Lair:4   | Noticed a death yak
 14651 | Lair:4   | Noticed a death yak
 14652 | Lair:4   | Noticed a death yak
 14682 | Lair:3   | HP: 6/126 [cane toad (8)]
 14683 | Lair:3   | HP: 1/126 [cane toad (6)]
 14686 | Lair:3   | Reached XP level 13. HP: 13/133 MP: 1/12
 15104 | Lair:4   | Reached skill level 10 in Fighting
 15104 | Lair:4   | Reached skill level 10 in Dodging
 15361 | Lair:4   | Reached skill level 11 in Maces & Flails
 15434 | Lair:4   | Found a staircase to the Snake Pit.
 15542 | Lair:4   | Received a gift from Trog
 16371 | Lair:5   | Found a dark tunnel.
 16380 | Volcano  | Entered a volcano
 16404 | Volcano  | Found a bloodstained altar of Trog.
 16413 | Volcano  | Noticed a red draconian
 16495 | Volcano  | Killed a red draconian
 16678 | Lair:5   | Found a staircase to the Slime Pits.
 16706 | Lair:5   | Found the +3 greatsling "Punk" {acid, rCorr}
 16909 | Lair:5   | Reached XP level 14. HP: 107/144 MP: 13/13
 17041 | Lair:5   | Noticed Snorg
 17050 | Lair:5   | Received a gift from Trog
 17058 | Lair:5   | Killed Snorg
 17151 | Lair:5   | Reached skill level 12 in Maces & Flails
 17183 | Lair:5   | Noticed Kirke
 17195 | Lair:5   | Killed Kirke
 17679 | Lair:6   | Entered Level 6 of the Lair of Beasts
 18731 | Lair:6   | Found a runed translucent door.
 19084 | Lair:6   | Paralysed by a hornet for 2 turns
 19520 | Lair:6   | Paralysed by a hornet for 1 turns
 19677 | Lair:6   | Paralysed by a hornet for 1 turns
 19790 | Lair:6   | Paralysed by a hornet for 3 turns
 19818 | Lair:6   | HP: 4/146 [tyrant leech (21)]
 20466 | D:2      | Bought the +1 robe of Vines {NoPotionHeal Regen++++} for
                  | 1920 gold pieces
 20466 | D:2      | Found the +1 robe of Vines {NoPotionHeal Regen++++}
 20875 | D:13     | Found Qampok Ukki's Assorted Antiques.
 21288 | D:13     | Reached XP level 15. HP: 152/154 MP: 14/14
 21325 | D:13     | Reached skill level 13 in Maces & Flails
 21325 | D:13     | Reached XP level 16. HP: 165/165 MP: 15/15
 21332 | D:13     | Found a gate to the Vaults.
 21800 | D:14     | HP: 7/247 [red ugly thing (18)]
 22679 | D:15     | Entered Level 15 of the Dungeon
 22939 | D:15     | Found Axkucve's Assorted Antiques.
 23562 | D:15     | Found a staircase to the Depths.
 23765 | Orc:1    | Entered Level 1 of the Orcish Mines
 24185 | Orc:2    | Entered Level 2 of the Orcish Mines
 24321 | Orc:2    | Found a staircase to the Elven Halls.
 24453 | Orc:1    | Received a gift from Trog
 24735 | Orc:2    | Reached skill level 14 in Maces & Flails
 24773 | Orc:2    | Found Xaer's Distillery.
 24774 | Orc:2    | Found Kext's Magic Scroll Shoppe.
 24775 | Orc:2    | Found Gezog's Magic Scroll Emporium.
 24779 | Orc:2    | Found Gisatuc's Distillery.
 24786 | Orc:2    | Bought a scroll of enchant weapon for 120 gold pieces
 24786 | Orc:2    | Bought a scroll of enchant weapon for 120 gold pieces
 25149 | Orc:2    | Found the +0 mask of the Dragon {Will+ Slay+3 SInv}
 25550 | Snake:1  | Entered Level 1 of the Snake Pit
 25550 | Snake:1  | Found a glowing golden altar of the Shining One.
 25551 | Snake:1  | Noticed Rupert
 25564 | Lair:4   | HP: 3/250 [black mamba (11)]
 25566 | Lair:4   | Demolished by Rupert

Illustrated notes

Levels and vault maps discovered:
D:1:      evilmike_arrival_plus, layout_basic,
          shapermc_ecumenical_altar_totnotflames
D:2:      layout_rooms, serial_shops, shop, nicolae_shop_vocational,
          uniq_jessica, uniq_sigmund
D:3:      layout_basic, grunt_qazlal_clouds, gammafunk_ghost_necromancy,
          uniq_terence, uniq_natasha, uniq_grinder, uniq_ijyb
D:4:      layout_rooms, nicolae_overflow_crystal_walls,
          makhleb_altar_promises_db, kiku_gazebo_garden_becter,
          mainiacjoe_overflow_alcove_4, uniq_robin, uniq_blork_the_orc,
          uniq_duvessa, uniq_menkaure
D:5:      layout_cave_pools, lemuel_tele_altar, chequers_serial_rivers_micro_a,
          minmay_mini_ossuary, uniq_crazy_yiuf_cottage
D:6:      layout_basic, mainiacjoe_overflow_concentric_impassable, serial_shops,
          nicolae_shop_behind_doors, shop, nicolae_shop_waterfront,
          kennysheep_mini_moat, shop, minmay_misc_feat_four_crosses
D:7:      wander_river, layout_basic, nzn_wu_jian_contemplation,
          nicolae_dithmenos_shadow_blocks, enter_bailey_2, minmay_manual_mess
D:8:      layout_basic, nicolae_ru_awakened_eye
D:9:      layout_roguey, mainiacjoe_overflow_chevrons, minmay_lizard_king,
          uniq_erica
D:10:     layout_stronghold, dpeg_oklobed_lair, nicolae_trove_entry_columns
D:11:     layout_basic, orc_david_3
D:12:     layout_irregular_city, gammafunk_ghost_arena
D:13:     layout_basic, grunt_vaults_entry_fortified, serial_shops,
          nicolae_shop_overgrown_old_shop
D:14:     layout_loops_corners, minmay_misc_feat_roman, dk_noncrumbling_2
D:15:     grunt_enter_depths_snipers, layout_long_grid, serial_shops,
          nicolae_shop_overgrown_old_shop, grunt_decor_one_mirror
Lair:1:   layout_cave_pods, uniq_sonja
Lair:2:   layout_small_grid, minmay_swamp_entry_reptiles, serial_forest,
          infiniplex_forest_corner_2, infiniplex_forest_end_3,
          infiniplex_forest_lined_1, infiniplex_forest_lined_3,
          infiniplex_forest_side_room, infiniplex_forest_zigzag_1,
          serial_bayou_shore_a
Lair:3:   layout_chaotic_city, grunt_megastairs_3
Lair:4:   layout_regular_city, dummy_snake_entry
Lair:5:   statuecave_lemuel, layout_regular_city,
          minmay_slime_entry_jelly_boxes, nicolae_volcano_entry_lava_flow,
          grunt_megastairs_2, uniq_kirke, uniq_snorg
Lair:6:   wormcave, layout_regular_city
Snake:1:  layout_layer_cave, basic_altar, nicolae_integral_box, uniq_rupert
Orc:1:    layout_caves, basic_altar, serial_shops, shop, mines2_david
Orc:2:    st_orc_open, layout_caves, hangedman_minor_magic

Skill      XL: |  1  2  3  4  5  6  7  8  9 10 11 12 13 14 15 16 |
---------------+-------------------------------------------------+-----
Maces & Flails | 3 4 5 6 7 8 9 10 11 12 13 14 | 14.0
Throwing       | 2 3 5 6 7 9 10 11 12 13 | 13.7
Fighting       | 3 4 5 6 7 8 9 10 11 12 | 12.9
Dodging        | 3 4 5 6 7 8 9 10 11 12 13 | 13.0

Action                   |  1- 3 |  4- 6 |  7- 9 | 10-12 | 13-15 | 16-18 || total
-------------------------+-------+-------+-------+-------+-------+-------++-------
Melee: Mace              |    78 |    87 |       |       |       |       ||   165
       Punch             |       |     1 |     5 |    11 |     2 |       ||    19
       Flail             |       |    21 |   418 |   168 |       |       ||   607
       Morningstar       |       |       |       |   608 |   147 |       ||   755
       Dire flail        |       |       |       |       |   145 |       ||   145
       Great mace        |       |       |       |       |   374 |   471 ||   845
Throw: Large rock        |       |       |       |    26 |    23 |    15 ||    64
       Javelin           |       |       |       |       |     7 |       ||     7
Invok: Berserk           |     2 |     2 |     4 |     7 |    19 |     6 ||    40
       Trog's Hand       |       |       |     1 |     1 |     1 |     4 ||     7
       Brothers in Arms  |       |       |     2 |     2 |     1 |       ||     5
Evoke: Wand              |       |       |     8 |       |       |       ||     8
  Use: Scroll            |       |       |    16 |    18 |    10 |     3 ||    47
       Potion            |       |       |     3 |     3 |     1 |     1 ||     8
 Stab: Sleeping          |       |     1 |       |       |       |       ||     1
Armor: Animal skin       |    38 |    44 |    41 |       |       |       ||   123
       Robe              |       |       |   146 |   153 |     7 |   148 ||   454
       Acid dragon scale |       |       |       |   240 |   403 |       ||   643
Dodge: Dodged            |    52 |    54 |   280 |   519 |   567 |   375 ||  1847

Table legend: (Time is in decaauts)
 A = Elapsed time spent in this place.
 B = Non-inter-level travel time spent in this place.
 C = Inter-level travel time spent in this place.
 D = Time resting spent in this place.
 E = Time spent auto-exploring this place.
 F = Levels seen in this place.
 G = Mean time per level.
                   A        B        C        D        E       F      G
               +--------+--------+--------+--------+--------+-----+--------+
         Total |  26136 |  24038 |   2098 |   3634 |  14704 |  26 | 1005.2 |
       Dungeon |  14786 |  13230 |   1556 |   1390 |   8840 |  15 |  985.7 |
          Lair |   9136 |   8649 |    487 |   1860 |   4996 |   6 | 1522.7 |
     Snake Pit |      8 |      8 |      0 |      0 |      0 |   1 |    8.0 |
  Orcish Mines |   1389 |   1335 |     54 |    124 |    661 |   2 |  694.5 |
        Bailey |    545 |    545 |      0 |    160 |    206 |   1 |  545.0 |
       Volcano |    270 |    270 |      0 |     98 |      0 |   1 |  270.0 |
               +--------+--------+--------+--------+--------+-----+--------+

Top non-repeatable levels by time:
  Lair:6: 2419 daAuts
  Lair:2: 1544 daAuts
     D:7: 1463 daAuts
    D:14: 1352 daAuts
    D:10: 1341 daAuts
  Lair:3: 1336 daAuts
  Lair:5: 1296 daAuts
  Lair:1: 1286 daAuts
  Lair:4: 1253 daAuts
    D:11: 1192 daAuts
     D:8: 1138 daAuts
    D:13: 1085 daAuts
   Orc:2: 1011 daAuts
     D:5: 935 daAuts
     D:1: 924 daAuts
